 Dungeon Crawl Stone Soup version 0.21-a0-630-g344d351 (webtiles) character file.

129 Lavandula the Cutter (level 4, 0/35 HPs)
             Began as a Mummy Chaos Knight on Dec 25, 2017.
             Slain by Sigmund
             ... wielding a +0 scythe
              (8 damage)
             ... on level 3 of the Dungeon.
             The game lasted 00:04:11 (2314 turns).

Lavandula the Cutter (Mummy Chaos Knight)           Turns: 2314, Time: 00:04:13

Health: 0/35       AC:  6    Str: 15    XL:     4   Next: 88%
Magic:  4/4        EV: 11    Int: 12    God:    Xom [...*..]
Gold:   123        SH:  0    Dex: 11    Spells: 3/3 levels left

rFire    x . .     SeeInvis .   d - +0 dagger
rCold    + . .     Gourm    .   (no shield)
rNeg     + + +     Faith    .   b - +2 leather armour
rPois    ∞         Spirit   .   (no helmet)
rElec    .         Reflect  .   (no cloak)
rCorr    .         Harm     .   j - +0 pair of gloves
MR       .....                  (no boots)
Stlth    +.........             (no amulet)
HPRegen  0.11/turn              (no ring)
MPRegen  0.09/turn              (no ring)

@: no status effects
A: no food or potions, fire vulnerability, cold resistance 1, negative energy
resistance 3, torment resistance, unbreathing
a: Renounce Religion


You were on level 3 of the Dungeon.
You worshipped Xom.
You were a favourite toy of Xom.
You were not hungry.

You visited 1 branch of the dungeon, and saw 3 of its levels.

You collected 123 gold pieces.

Inventory:

Hand Weapons
 a - a +0 short sword of chaos
 d - a +0 dagger (weapon)
 h - a cursed -1 short sword
 i - a +2 falchion of draining
Armour
 b - a +2 leather armour (worn)
 c - a +1 robe of cold resistance
 j - a +0 pair of gloves (worn)
Scrolls
 e - 2 scrolls of blinking
 f - a scroll of teleportation
 g - 4 scrolls of identify


   Skills:
 - Level 3.0 Fighting
 + Level 4.7 Short Blades
 - Level 1.5 Armour
 - Level 0.7 Dodging


You had 3 spell levels left.
You didn't know any spells.

Dungeon Overview and Level Annotations

Branches:
Dungeon (3/15)

Altars:
Dithmenos

Annotations:
D:3 Sigmund


Innate Abilities, Weirdness & Mutations

You do not eat or drink.
Your flesh is vulnerable to fire.
You are immune to poison.
Your flesh is cold resistant. (rC+)
You are immune to negative energy. (rN+++)
You are immune to unholy pain and torment.
You can survive without breathing.


Message History

The leopard gecko barely misses you.
You hit Sigmund but do no damage.
Sigmund is lightly wounded.
Sigmund gestures wildly while chanting.
Sigmund flickers and vanishes!
Deactivating autopickup; reactivate with Ctrl-A.
The leopard gecko closely misses you.
You hit something but do no damage. You closely miss something.
The leopard gecko bites you. Something hits you.
Unknown command.
You hit something. The leopard gecko bites you.
Something hits you but does no damage.
You hit something. The leopard gecko barely misses you.
You hit something. The leopard gecko closely misses you. Something hits you!
* * * LOW HITPOINT WARNING * * *
You hit something but do no damage. The leopard gecko closely misses you.
You closely miss something. The leopard gecko closely misses you.
Something hits you!
You die... "Huh?
Did I miss anything?"

#.# #.# #.# #.# #.# #.#
#.# #.# #.# #)# #.# #.#
######.### #.#
........l{# #.#
##############.#@####.#
#...........#..#)#....#
#.#########.#..#.#.####
#.# #.#..#.#.# #.#
#.#.##.#.# #.# #.#.
..#.# #.# #.## ###.#
#.# #.# #.# #†# #.# #.#


You could see a leopard gecko.

Vanquished Creatures
  6 adders
  2 worms
  A leopard gecko (D:3)
  2 orcs (D:3)
  2 giant cockroaches (D:3)
  10 goblins
  5 hobgoblins
  9 jackals
  A quokka (D:3)
  5 bats
  2 frilled lizards
  11 kobolds
  5 rats
61 creatures vanquished.

Notes
Turn   | Place    | Note
-------+----------+-------------------------------------------
     0 | D:1      | Lavandula the Mummy Chaos Knight began the quest for the Orb.
     0 | D:1      | Reached XP level 1. HP: 18/18 MP: 1/1
   200 | D:1      | Reached XP level 2. HP: 17/24 MP: 2/2
   202 | D:1      | Reached skill level 3 in Short Blades
   426 | D:1      | XOM: harmless Pois miscast
   662 | D:1      | XOM: confuse monster(s)
   832 | D:2      | Reached XP level 3. HP: 26/29 MP: 3/3
  1144 | D:2      | Reached skill level 4 in Short Blades
  1239 | D:2      | Reached XP level 4. HP: 35/35 MP: 4/4
  1285 | D:2      | XOM: cloud trail
  1399 | D:2      | Found a shadowy altar of Dithmenos.
  1466 | D:2      | XOM: noise
  1812 | D:3      | XOM: silly message
  1851 | D:3      | XOM: fog
  2300 | D:3      | Noticed Sigmund
  2314 | D:3      | Slain by Sigmund

Vault maps used:
D:1:      minmay_arrival_doors
D:2:      nicolae_dithmenos_shadow_blocks, kennysheep_generic_room_12
D:3:      serial_curves, eino_curves_01, eino_curves_02, eino_curves_02,
          eino_curves_03, uniq_sigmund

Skill      XL: |  1  2  3 |
---------------+----------+-----
Short Blades   | 3 4 |  4.7
Fighting       | |  3.0
Armour         | |  1.5
Dodging        | |  0.7

Action                   |  1- 3 |  4- 6 || total
-------------------------+-------+-------++-------
Melee: Short sword       |   142 |    15 ||   157
       Dagger            |       |   189 ||   189
  Use: Scroll            |       |     4 ||     4
 Stab: Confused          |     1 |       ||     1
       Distracted        |       |     1 ||     1
Armor: Leather armour    |    50 |    71 ||   121
Dodge: Dodged            |    60 |    93 ||   153

Table legend:
 A = Spawn XP
 B = Non-spawn XP
 C = Spawn XP percentage of total XP
 D = Spawn monster count
 E = Non-spawn monster count
 F = Spawn count percentage of total count
 G = Total turns spent on level
                    A         B        C        D         E        F      G
               +---------+---------+-------+---------+---------+-------+---------
         Total |       0 |     185 |   0.0 |       0 |      61 |   0.0 |  2314
               +---------+---------+-------+---------+---------+-------+---------
           D:1 |       0 |      37 |   0.0 |       0 |      22 |   0.0 |   761
           D:2 |       0 |     101 |   0.0 |       0 |      23 |   0.0 |  1042
           D:3 |       0 |      47 |   0.0 |       0 |      16 |   0.0 |   511
               +---------+---------+-------+---------+---------+-------+---------
